Map: Acid Plant LE

Players

Dauntless - Winner!

  • Race: Zerg Zerg
  • League: Master
  • Spawn Location: 11:00

Hootie

  • Race: Zerg Zerg
  • League: Diamond
  • Spawn Location: 5:00

VOD

Have the link to the VOD?

Description

Time

  • Played on: July 9, 2018, 6:27 p.m.
  • Length: 10:12
Show
View Real Time Build Order
Export as new Build Order

Dauntless Zerg - Winner!

Build Orders: Pool First 

Get SALT Encoding   

  12  0:00  Drone  
  13  0:12  Overlord  
  13  0:17  Drone  
  14  0:30  Drone  
  14  0:31  Drone  
  14  0:34  Drone  
  17  0:45  Drone  
  17  0:49  Spawning Pool  
  17  0:56  Drone  
  18  1:00  Extractor  
  17  1:06  Drone  
  18  1:17  Hatchery  
  17  1:20  Drone  
  18  1:28  Drone  
  19  1:35  Queen  
  19  1:39  Overlord  
  21  1:57  Baneling Nest  
  21  1:59  Drone  
  21  2:02  Drone  
  22  2:10  Drone  
  22  2:11  Queen  
  25  2:22  Zergling x2  
  27  2:30  Zergling x2  
  27  2:32  Burrow  
  27  2:36  Drone  
  28  2:41  Drone  
  28  2:42  Drone  
  28  2:43  Drone  
  31  2:46  Drone, Queen  
  34  2:57  Drone x2  
  36  2:58  Overlord  
  36  3:06  Overlord  
  36  3:11  Metabolic Boost  
  36  3:16  Drone  
  36  3:17  Drone x2  
  39  3:23  Drone  
  40  3:29  Overlord  
  40  3:32  Drone x2  
  40  3:33  Drone  
  44  3:34  Drone  
  44  3:35  Baneling  
  44  3:36  Baneling  
  44  3:45  Overlord  
  44  3:46  Drone x3  
  47  3:55  Evolution Chamber  
  47  3:56  Evolution Chamber  
  47  4:01  Evolution Chamber  
  47  4:02  Evolution Chamber  
  43  4:06  Baneling x2  
  43  4:07  Zergling x10  
  48  4:15  Zergling x4  
  48  4:16  Zergling x6  
  52  4:37  Zergling x4  
  52  4:38  Zergling x2  
  55  4:41  Roach Warren  
  54  4:45  Overlord  
  54  4:53  Drone x4, Extractor  
  54  4:54  Extractor  
  54  4:55  Drone  
  57  5:01  Baneling x2  
  57  5:02  Baneling x3  
  57  5:05  Drone  
  57  5:06  Drone  
  59  5:11  Overlord  
  59  5:16  Zerg Missile Weapons Level 1  
  59  5:22  Extractor  
  59  5:24  Overlord  
  58  5:29  Overlord  
  58  5:30  Drone x4  
  58  5:34  Zerg Ground Armor Level 1  
  62  5:54  Drone x3  
  62  5:56  Lair  
  65  5:57  Roach x3  
  65  6:01  Roach x3  
  65  6:02  Roach  
  65  6:03  Hatchery  
  78  6:08  Roach  
  80  6:13  Baneling x2  
  80  6:14  Baneling  
  80  6:36  Roach x4  
  80  6:37  Roach x4  
  96  6:45  Roach  
  96  7:02  Roach  
  96  7:05  Overlord x4  
  98  7:13  Overlord x2  
  97  7:18  Overlord  
  95  7:32  Roach x5  
  101  7:45  Roach x3  
  101  7:50  Roach x2  
  97  7:56  Tunneling Claws  
  95  8:00  Roach x3  
  95  8:03  Roach  
  103  8:12  Roach x2  
  105  8:15  Roach  
  107  8:21  Drone x2  
  107  8:24  Drone x2  
  107  8:25  Drone x2  
  113  8:28  Ravager  
  113  8:29  Ravager  
  113  8:30  Ravager  
  113  8:31  Ravager  
  113  8:32  Ravager  
  113  8:33  Ravager x3  
  121  8:46  Roach x2  
  121  8:47  Roach x5  
  135  8:53  Overseer  
  116  9:13  Roach x5  
  116  9:14  Roach x4  
  121  9:21  Roach x3  
  127  9:26  Roach  
  121  9:39  Roach x4  
  121  9:43  Roach  
  116  9:46  Roach  
  116  9:47  Roach x3  
Show
View Real Time Build Order
Export as new Build Order

Hootie Zerg 

Build Orders: Hatch First, Zergling Baneling 

Get SALT Encoding   

  12  0:02  Drone  
  13  0:09  Drone  
  14  0:15  Extractor  
  14  0:16  Drone  
  14  0:21  Extractor  
  14  0:22  Drone  
  16  0:42  Hatchery  
  15  0:48  Overlord  
  15  1:08  Spawning Pool  
  15  1:09  Drone  
  15  1:10  Drone  
  16  1:13  Drone  
  17  1:19  Extractor  
  17  1:21  Drone  
  17  1:35  Drone  
  18  1:50  Drone  
  19  1:55  Zergling x4  
  19  1:56  Queen x2  
  25  2:05  Overlord  
  25  2:18  Drone x3  
  25  2:22  Metabolic Boost  
  28  2:26  Drone x2  
  30  2:41  Baneling Nest  
  30  2:43  Drone x2  
  31  2:46  Overlord  
  30  3:02  Zergling x2  
  30  3:03  Zergling x4  
  33  3:08  Zergling x8  
  33  3:09  Zergling x4  
  39  3:13  Zergling x2, Extractor  
  39  3:19  Zergling x2  
  41  3:27  Zergling x4  
  42  3:37  Zergling x4  
  44  3:45  Overlord x2  
  44  4:01  Baneling x7  
  44  4:03  Baneling  
  44  4:05  Hatchery  
  44  4:07  Drone  
  44  4:12  Drone x2  
  46  4:20  Drone x2  
  46  4:21  Drone  
  40  4:31  Drone x3  
  42  4:41  Lair  
  42  4:46  Extractor  
  42  4:47  Extractor  
  39  5:12  Drone x3  
  39  5:13  Drone x3  
  45  5:18  Drone x3  
  45  5:19  Queen  
  45  5:20  Overlord  
  50  5:45  Hydralisk Den  
  50  5:46  Overseer  
  49  5:50  Baneling x3  
  49  5:51  Zergling x12  
  49  5:52  Zergling x16  
  63  6:01  Spine Crawler  
  63  6:03  Spine Crawler  
  61  6:19  Hydralisk x3  
  61  6:20  Lurker Den  
  61  6:22  Hydralisk  
  68  6:37  Baneling x4  
  66  6:59  Hydralisk x3  
  66  7:00  Overlord x2  
  66  7:01  Overlord x2  
  62  7:51  Hydralisk x3  
  51  7:52  Hydralisk  
  69  7:58  Lurker x3  
  70  8:08  Hydralisk x4  
  70  8:09  Hydralisk x3  
  70  8:39  Hatchery  
  69  8:54  Drone x5  
  74  9:06  Hydralisk x3  
  74  9:07  Hydralisk x4  
  60  9:22  Hydralisk x2  
  41  9:45  Hydralisk  
  41  9:46  Hydralisk x4  
Tags
 
Add a new tag
Caveats
  • Supply blocks, unpowered buildings, or Contaminate may cause inaccurate times.
  • Supply counts are checked every 10 seconds.